Demolitions vs Sewer Rats (R1)

Created - March 26, 2018 at 20:10

Goals
1 2 3 T
Demolitions 3 1 3 7
Sewer Rats 4 4 1 9
Shots
1 2 3 T
Demolitions 10 11 13 34
Sewer Rats 13 19 11 43

1st period

1. Demolitions , Bobby Butler 34 (Erik Condra 32, Nicolas Blanchard 34) at 5:32
2. Demolitions , Corban Knight 14 (Ryan Bayda 41, Dmitri Orlov 7) at 6:11
3. Sewer Rats , Ville Leino 48 (Joel Edmundson 14, Jarred Tinordi 18) at 6:34
4. Sewer Rats , Ville Leino 49 (Mark Mancari 47, Joel Edmundson 15) at 8:04
5. Sewer Rats , Mark Mancari 34 (Ville Leino 61, Jonathan Marchessault 38) at 8:08
6. Demolitions , Bobby Butler 35 (Corban Knight 28) at 10:30 (PP)
7. Sewer Rats , Daniel Carr 16 (Jarred Tinordi 19) at 14:02

Penalties :
Joel Edmundson (Tol) for Tripping (Minor) at 9:25, Aaron Palushaj (Vic) for Hooking (Minor) at 18:53

2nd period

8. Sewer Rats , Matt Lashoff 12 (Ville Leino 62, Mark Mancari 48) at 0:15 (PP)
9. Sewer Rats , Zach Boychuk 36 (Jared Boll 28) at 0:47
10. Sewer Rats , Ville Leino 50 (Mark Mancari 49, Matt Lashoff 26) at 7:33 (PP)
11. Demolitions , Frazer Mclaren 6 (Dmitri Orlov 8, Jonathan Blum 26) at 9:14
12. Sewer Rats , Jonathan Huberdeau 28 (William Karlsson 15, Martin Frk 25) at 17:03

Penalties :
Jarred Tinordi (Tol) for Diving (Minor) at 2:13, Mike Sauer (Vic) for Roughing (Minor) at 6:54, Dmitri Orlov (Vic) for Hooking (Minor) at 12:50

3rd period

13. Sewer Rats , William Karlsson 6 (Jared Boll 29, Zach Boychuk 53) at 3:35
14. Demolitions , Mikko Lehtonen 10 (Ryan Russell 10, Andrej Nestrasil 18) at 5:22
15. Demolitions , Nicolas Blanchard 20 (Seth Helgeson 14, Erik Condra 33) at 7:11
16. Demolitions , Ryan Bayda 31 (Andrej Nestrasil 19, Mikko Lehtonen 8) at 13:20

Penalties :
Jared Boll (Tol) for Roughing (Minor) at 1:21, Jonathan Marchessault (Tol) for Hooking (Minor) at 10:21, Jared Boll (Tol) for Close Hand On Puck (Minor) at 15:10

Goalie Stats

Joe Cannata (Vic), 25 saves from 29 shots - (0.862), L, 8-13-4, 39:45 minutes
Olivier Roy (Vic), 9 saves from 14 shots - (0.643), 20:15 minutes
Richard Bachman (Tol), 27 saves from 34 shots - (0.794), W, 20-17-0, 60:00 minutes

Players Stats for Demolitions

Player Name              G  A  P  +/- PIM S  H  SB GA TA FO     MP     PP MP  PK MP  
------------------------------------------------------------------------------------
Aaron Palushaj           0  0  0  -1  2   0  0  0  0  0  0/0     9:36   0:00   0:00 
Alex Hutchings           0  0  0   0  0   0  0  0  0  0  0/0     1:43   0:22   0:38 
Andrej Nestrasil         0  2  2   1  0   0  0  0  0  0  0/1     5:50   0:00   0:00 
Billy Sweat              0  0  0   0  0   1  0  0  0  0  0/1     2:53   2:01   0:00 
Bobby Butler             2  0  2  -1  0   5  3  1  2  0  2/2    27:06   5:29   2:45 
Brandon McMillan         0  0  0  -1  0   1  0  0  0  0  0/2     9:37   0:00   0:00 
Colton Sceviour          0  0  0   0  0   0  0  0  0  0  0/0     0:00   0:00   0:00 
Corban Knight            1  1  2   0  0   2  1  0  0  0  4/6    15:42   3:20   0:38 
Derek Forbort            0  0  0   2  0   1  0  1  0  0  0/0    11:12   2:44   0:34 
Dmitri Orlov             0  2  2  -3  2   0  0  0  0  1  0/0    28:36   5:58   0:00 
Erik Condra              0  2  2  -1  0   11 3  0  0  0  1/3    24:48   5:14   0:37 
Frazer Mclaren           1  0  1  -1  0   1  1  2  0  0  0/0     9:37   0:00   0:00 
Jack Skille              0  0  0   0  0   1  2  0  0  3  0/0    16:09   3:33   0:37 
Jonathan Blum            0  1  1  -3  0   3  1  2  0  0  0/0    31:41   6:25   3:15 
Josh Beaulieu            0  0  0   0  0   0  0  0  0  0  0/0     2:10   1:41   0:00 
Mike Sauer               0  0  0   0  2   0  1  1  0  0  0/0    19:31   0:19   2:47 
Mikko Lehtonen           1  1  2   1  0   1  0  0  1  0  0/0     6:33   0:07   0:00 
Nick Pryor               0  0  0   0  0   0  0  0  0  0  0/0     0:00   0:00   0:00 
Nicolas Blanchard        1  1  2  -1  0   1  3  2  0  0  25/50  24:09   5:16   0:00 
Ryan Bayda               1  1  2   0  0   4  1  0  2  0  5/8    14:16   0:00   2:45 
Ryan Russell             0  1  1   1  0   2  0  0  1  0  0/0     5:50   0:00   0:00 
Seth Helgeson            0  1  1   0  0   0  1  2  0  0  0/0    20:26   2:36   1:24 
Taylor Aronson           0  0  0   2  0   0  0  0  0  0  0/0     8:32   0:00   0:00 
Thomas DiPauli           0  0  0   0  0   0  0  0  0  0  0/0     0:00   0:00   0:00 

Players Stats for Sewer Rats

Player Name              G  A  P  +/- PIM S  H  SB GA TA FO     MP     PP MP  PK MP  
------------------------------------------------------------------------------------
Daniel Carr              1  0  1  -2  0   1  0  0  0  0  0/0     6:59   0:00   0:00 
Dmitrij Jaskin           0  0  0  -2  0   0  0  0  0  0  0/0     6:33   0:00   0:00 
Jared Boll               0  2  2   0  4   1  1  0  2  0  0/0    15:10   0:12   1:31 
Jarred Tinordi           0  2  2   2  2   3  0  2  0  0  0/0    16:25   0:00   2:22 
Joel Edmundson           0  2  2   2  2   0  3  1  0  1  0/0    17:15   0:00   3:12 
John Ramage              0  0  0  -1  0   0  0  0  0  0  0/0     9:54   0:00   0:00 
Jonathan Huberdeau       1  0  1   1  0   2  2  0  0  0  0/1    12:30   0:00   1:36 
Jonathan Marchessault    0  1  1   2  2   4  4  0  0  0  22/40  20:02   3:48   0:00 
Jonathan Racine          0  0  0   1  0   0  0  0  0  0  0/0     3:32   0:00   0:00 
Mark Mancari             1  3  4   2  0   8  1  2  0  0  2/6    25:01   3:48   4:58 
Martin Frk               0  1  1   1  0   0  2  0  0  0  0/0    10:25   0:00   0:00 
Matt Lashoff             1  1  2  -1  0   4  2  2  0  1  0/0    29:12   4:00   5:43 
Nick Cousins             0  0  0  -2  0   3  0  0  0  0  1/1     6:33   0:00   0:00 
Ryan Murphy              0  0  0  -1  0   0  1  0  0  0  0/0    10:31   0:00   0:37 
Steven Kampfer           0  0  0  -1  0   0  1  0  0  0  0/0    29:12   4:00   5:43 
Ville Leino              3  2  5   2  0   12 1  0  1  1  4/9    25:02   3:48   4:58 
Vincent Trocheck         0  0  0  -1  0   0  0  0  0  2  5/12   13:42   0:12   0:29 
William Karlsson         1  1  2   2  0   4  1  0  0  0  2/3    12:43   0:00   1:42 
Xavier Ouellet           0  0  0   1  0   0  0  0  0  0  0/0     3:57   0:00   0:25 
Zach Boychuk             1  1  2   0  0   1  5  0  1  1  0/1    16:16   0:12   2:48 

3 Stars

1 - Ville Leino (Tol)
2 - Mark Mancari (Tol)
3 - William Karlsson (Tol)

Power Play

Demolitions - 1 on 5 Attempt(s) - 20.00%
Sewer Rats - 2 on 3 Attempt(s) - 66.67%

Penalty Kill

Demolitions - 1 on 3 Attempt(s) - 33.33% - Score 0 goal in Penalty Kill
Sewer Rats - 4 on 5 Attempt(s) - 80.00% - Score 0 goal in Penalty Kill

Team Stat

Demolitions - Hits : 17 - Faceoff Wins : 37 - Blocked Shots : 11 - Penalty Minutes : 6
Sewer Rats - Hits : 24 - Faceoff Wins : 36 - Blocked Shots : 7 - Penalty Minutes : 10

Official

Referees : Watson Brad and Peel Tim
Linesman : Steve Miller and Jean Morin

Game Notes

10:28 of 1st period - Demolitions goal is going for a video replay. After video review, No Goal. The puck has been directed, batted or thrown into the net by an attacking player other than with a stick.
Joe Cannata enters game at 0:15 of 2nd period
Ville Leino has scored a Hat Trick!

Finance

Level 1 -- Attendance: 1438 (71.90%) -- Ticket Income $50,330
Level 2 -- Attendance: 741 (74.10%) -- Ticket Income $12,597
Total Attendance: 2179 (72.63%)
Total Ticket Income: $62,927
Other Income: $3,146
Total Income: $66,073

Demolitions

5 vs 5 Forward 
   Center                   Left Wing                Right Wing               Time % Phy DF OF 
 1 Nicolas Blanchard        Bobby Butler             Erik Condra              60     0   0  5  
 2 Corban Knight            Ryan Bayda               Jack Skille              24     0   0  5  
 3 Brandon McMillan         Frazer Mclaren           Aaron Palushaj           12     0   0  5  
 4 Andrej Nestrasil         Ryan Russell             Mikko Lehtonen           4      0   0  5  

5 vs 5 Defense 
   Defense                  Defense                                           Time % Phy DF OF 
 1 Dmitri Orlov             Jonathan Blum                                     64     0   0  5  
 2 Seth Helgeson            Mike Sauer                                        25     0   0  5  
 3 Derek Forbort            Taylor Aronson                                    6      0   0  5  
 4 Jonathan Blum            Dmitri Orlov                                      5      0   0  5  

PowerPlay Forward 
   Center                   Left Wing                Right Wing               Time % Phy DF OF 
 1 Nicolas Blanchard        Bobby Butler             Erik Condra              70     0   0  5  
 2 Corban Knight            Bobby Butler             Jack Skille              30     0   0  5  

PowerPlay Defense
   Defense                  Defense                                           Time % Phy DF OF 
 1 Dmitri Orlov             Jonathan Blum                                     70     0   0  5  
 2 Derek Forbort            Jonathan Blum                                     30     0   0  5  

Penalty Kill 4 Players Forward 
   Center                   Wing                     Time % Phy DF OF 
 1 Ryan Bayda               Bobby Butler             60     1   2  2  
 2 Erik Condra              Jack Skille              40     1   2  2  

Penalty Kill 4 Players Defense
   Defense                  Defense                  Time % Phy DF OF 
 1 Mike Sauer               Jonathan Blum            60     1   2  2  
 2 Mike Sauer               Jonathan Blum            40     1   2  2  

Penalty Kill - 3 Players Forward 
   Forward                                           Time % Phy DF OF 
 1 Ryan Bayda                                        60     1   2  2  
 2 Bobby Butler                                      40     1   2  2  

Penalty Kill - 3 Players Defense
   Defense                  Defense                  Time % Phy DF OF 
 1 Mike Sauer               Jonathan Blum            60     1   2  2  
 2 Seth Helgeson            Mike Sauer               40     1   2  2  

4 vs 4 Forward 
   Center                   Wing                     Time % Phy DF OF 
 1 Ryan Bayda               Bobby Butler             60     1   2  2  
 2 Erik Condra              Jack Skille              40     1   2  2  

4 vs 4 Defense
   Defense                  Defense                  Time % Phy DF OF 
 1 Jonathan Blum            Mike Sauer               60     1   2  2  
 2 Dmitri Orlov             Seth Helgeson            40     1   2  2  

Last Minutes Offensive
   Center                   Left Wing                Right Wing               Defense                  Defense                  
   Nicolas Blanchard        Ryan Bayda               Erik Condra              Dmitri Orlov             Jonathan Blum            

Last Minutes Defensive
   Center                   Left Wing                Right Wing               Defense                  Defense                  
   Nicolas Blanchard        Ryan Bayda               Erik Condra              Mike Sauer               Jonathan Blum            

Goaltenders
Starting : Olivier Roy              
Backup : Joe Cannata              

Extra Forwards
Normal : Billy Sweat, Josh Beaulieu, Bobby Butler - PP : Billy Sweat, Josh Beaulieu - PK : Bobby Butler
Extra Defensemen
Normal : Dmitri Orlov, Mike Sauer, Seth Helgeson - PP : Dmitri Orlov - PK : Jonathan Blum, Seth Helgeson
Penalty Shots
Ryan Bayda, Bobby Butler, Erik Condra, Jack Skille, Mikko Lehtonen

Scratches
Ryan Olsen (Healthy), Robert Bortuzzo (Right Forearm Injury), Taylor Leier (Healthy), Mitchell Moroz (Healthy), Cameron Schilling (Bruised Left Leg Injury)
Jake Paterson (Healthy), Jussi Rynnas (Healthy)

Sewer Rats

5 vs 5 Forward 
   Center                   Left Wing                Right Wing               Time % Phy DF OF 
 1 Jonathan Marchessault    Ville Leino              Mark Mancari             40     1   2  2  
 2 Vincent Trocheck         Zach Boychuk             Jared Boll               30     1   2  2  
 3 William Karlsson         Jonathan Huberdeau       Martin Frk               20     1   2  2  
 4 Nick Cousins             Daniel Carr              Dmitrij Jaskin           10     1   2  2  

5 vs 5 Defense 
   Defense                  Defense                                           Time % Phy DF OF 
 1 Matt Lashoff             Steven Kampfer                                    40     1   2  2  
 2 Jarred Tinordi           Joel Edmundson                                    30     1   2  2  
 3 John Ramage              Ryan Murphy                                       20     1   2  2  
 4 Xavier Ouellet           Jonathan Racine                                   10     1   2  2  

PowerPlay Forward 
   Center                   Left Wing                Right Wing               Time % Phy DF OF 
 1 Jonathan Marchessault    Ville Leino              Mark Mancari             60     1   2  2  
 2 Vincent Trocheck         Zach Boychuk             Jared Boll               40     1   2  2  

PowerPlay Defense
   Defense                  Defense                                           Time % Phy DF OF 
 1 Matt Lashoff             Steven Kampfer                                    60     1   2  2  
 2 Jarred Tinordi           Joel Edmundson                                    40     1   2  2  

Penalty Kill 4 Players Forward 
   Center                   Wing                     Time % Phy DF OF 
 1 Ville Leino              Mark Mancari             60     1   2  2  
 2 Zach Boychuk             Jared Boll               40     1   2  2  

Penalty Kill 4 Players Defense
   Defense                  Defense                  Time % Phy DF OF 
 1 Matt Lashoff             Steven Kampfer           60     1   2  2  
 2 Jarred Tinordi           Joel Edmundson           40     1   2  2  

Penalty Kill - 3 Players Forward 
   Forward                                           Time % Phy DF OF 
 1 Ville Leino                                       60     1   2  2  
 2 Mark Mancari                                      40     1   2  2  

Penalty Kill - 3 Players Defense
   Defense                  Defense                  Time % Phy DF OF 
 1 Matt Lashoff             Steven Kampfer           60     1   2  2  
 2 Jarred Tinordi           Joel Edmundson           40     1   2  2  

4 vs 4 Forward 
   Center                   Wing                     Time % Phy DF OF 
 1 Ville Leino              Mark Mancari             60     1   2  2  
 2 Zach Boychuk             Jared Boll               40     1   2  2  

4 vs 4 Defense
   Defense                  Defense                  Time % Phy DF OF 
 1 Matt Lashoff             Steven Kampfer           60     1   2  2  
 2 Jarred Tinordi           Joel Edmundson           40     1   2  2  

Last Minutes Offensive
   Center                   Left Wing                Right Wing               Defense                  Defense                  
   Jonathan Marchessault    Ville Leino              Mark Mancari             Matt Lashoff             Steven Kampfer           

Last Minutes Defensive
   Center                   Left Wing                Right Wing               Defense                  Defense                  
   Jonathan Marchessault    Ville Leino              Mark Mancari             Matt Lashoff             Steven Kampfer           

Goaltenders
Starting : Richard Bachman          
Backup : Marek Mazanek            

Extra Forwards
Normal : Jonathan Huberdeau, Daniel Carr, William Karlsson - PP : Jonathan Huberdeau, Daniel Carr - PK : William Karlsson
Extra Defensemen
Normal : John Ramage, Ryan Murphy, Xavier Ouellet - PP : John Ramage - PK : Ryan Murphy, Xavier Ouellet
Penalty Shots
Ville Leino, Mark Mancari, Zach Boychuk, Jared Boll, Jonathan Huberdeau

Scratches
Connor Carrick (Healthy), Mattias Ekholm (Healthy), Josh Archibald (Healthy), Joseph Blandisi (Healthy), Chris Calhan (Healthy)
Tom Sestito (Healthy), Sergei Kostenko (Healthy)

% Time on Ice - Demolitions

Lines # - Real PCT - Wanted PCT - Time Play
Normal Forward
1 - 43% - 60% - 19:59
2 - 25% - 24% - 11:33
3 - 20% - 12% - 9:37
4 - 12% - 4% - 5:50
Normal Defense
1 - 47% - 64% - 22:11
2 - 35% - 25% - 16:16
3 - 18% - 6% - 8:32
4 - 0% - 5% - 0:00
PP Forward
1 - 63% - 70% - 5:41
2 - 37% - 30% - 3:20
PP Defense
1 - 70% - 70% - 6:17
2 - 30% - 30% - 2:44
PK Forward
1 - 85% - 60% - 3:23
2 - 15% - 40% - 0:37
PK Defense
1 - 100% - 60% - 4:00
2 - 0% - 40% - 0:00
PK3 Forward
1 - 0% - 60%
2 - 0% - 40%
PK3 Defense
1 - 0% - 60%
2 - 0% - 40%
44 Forward
1 - 0% - 60%
2 - 0% - 40%
44 Defense
1 - 0% - 60%
2 - 0% - 40%
Last Minute Offensive  - 0:00
Last Minute Defensive  - 0:00
Total
Forward - 60:00
Defense - 60:00

% Time on Ice - Sewer Rats

Lines # - Real PCT - Wanted PCT - Time Play
Normal Forward
1 - 36% - 40% - 16:45
2 - 28% - 30% - 13:16
3 - 22% - 20% - 10:25
4 - 14% - 10% - 6:33
Normal Defense
1 - 41% - 40% - 19:29
2 - 30% - 30% - 14:04
3 - 21% - 20% - 9:54
4 - 8% - 10% - 3:32
PP Forward
1 - 95% - 60% - 3:48
2 - 5% - 40% - 0:12
PP Defense
1 - 100% - 60% - 4:00
2 - 0% - 40% - 0:00
PK Forward
1 - 69% - 60% - 6:13
2 - 31% - 40% - 2:48
PK Defense
1 - 63% - 60% - 5:43
2 - 37% - 40% - 3:18
PK3 Forward
1 - 0% - 60%
2 - 0% - 40%
PK3 Defense
1 - 0% - 60%
2 - 0% - 40%
44 Forward
1 - 0% - 60%
2 - 0% - 40%
44 Defense
1 - 0% - 60%
2 - 0% - 40%
Last Minute Offensive  - 0:00
Last Minute Defensive  - 0:00
Total
Forward - 60:00
Defense - 60:00

Play by Play

1st period


0:01 of 1st period - Nicolas Blanchard wins face-off versus Jonathan Marchessault in neutral zone.
0:06 of 1st period - Snap shot by Bobby Butler.
0:06 of 1st period - Stopped by Richard Bachman without a rebound.
0:07 of 1st period - Nicolas Blanchard wins face-off versus Jonathan Marchessault in Sewer Rats zone.
0:10 of 1st period - Wrist shot by Erik Condra.
0:10 of 1st period - Shot Misses the Net.
0:20 of 1st period - Wrist shot by Mark Mancari.
0:20 of 1st period - Stopped by Olivier Roy with a rebound.
0:22 of 1st period - Slapshot by Steven Kampfer.
0:22 of 1st period - Shot Blocked by Jonathan Blum.
0:55 of 1st period - Brandon McMillan is hit by Jonathan Huberdeau and loses puck.
1:06 of 1st period - Snap shot by Jonathan Huberdeau.
1:06 of 1st period - Stopped by Olivier Roy with a rebound.
1:16 of 1st period - Jarred Tinordi is hit by Erik Condra and loses puck.
1:35 of 1st period - Mikko Lehtonen is hit by Ville Leino and loses puck.
1:48 of 1st period - Slapshot by Mark Mancari.
1:48 of 1st period - Stopped by Olivier Roy with a rebound.
2:26 of 1st period - Snap shot by Brandon McMillan.
2:26 of 1st period - Shot Misses the Net.
2:28 of 1st period - Wrist shot by Jonathan Blum.
2:28 of 1st period - Shot Misses the Net.
2:30 of 1st period - Wrist shot by Jonathan Blum.
2:30 of 1st period - Stopped by Richard Bachman without a rebound.
2:31 of 1st period - Nicolas Blanchard wins face-off versus Mark Mancari in Sewer Rats zone.
2:58 of 1st period - Dmitri Orlov is hit by Joel Edmundson.
3:04 of 1st period - Mike Sauer is hit by Zach Boychuk and loses puck.
4:13 of 1st period - Mike Sauer is hit by Jonathan Marchessault and loses puck.
4:34 of 1st period - Wrist shot by Jared Boll.
4:34 of 1st period - Shot Blocked by Seth Helgeson.
4:43 of 1st period - Icing by Zach Boychuk.
4:44 of 1st period - Nicolas Blanchard wins face-off versus William Karlsson in Sewer Rats zone.
5:19 of 1st period - Snap shot by Ville Leino.
5:19 of 1st period - Deflect By Jonathan Blum.
5:19 of 1st period - Shot Misses the Net.
5:19 of 1st period - Puck is out of play.
5:20 of 1st period - Nicolas Blanchard wins face-off versus Vincent Trocheck in Demolitions zone.
5:20 of 1st period - Nicolas Blanchard is hit by Zach Boychuk.
5:32 of 1st period - Backhand shot by Bobby Butler.
5:32 of 1st period - Goal by Bobby Butler - Demolitions : 1 - Sewer Rats : 0.
5:33 of 1st period - Bobby Butler wins face-off versus Jonathan Marchessault in neutral zone.
5:38 of 1st period - Snap shot by Erik Condra.
5:38 of 1st period - Shot Misses the Net.
6:11 of 1st period - Snap shot by Corban Knight.
6:11 of 1st period - Goal by Corban Knight - Demolitions : 2 - Sewer Rats : 0.
6:12 of 1st period - Jonathan Marchessault wins face-off versus Nicolas Blanchard in neutral zone.
6:18 of 1st period - Off-side.
6:19 of 1st period - Jonathan Marchessault wins face-off versus Nicolas Blanchard in neutral zone.
6:26 of 1st period - Wrist shot by Mark Mancari.
6:26 of 1st period - Shot Misses the Net.
6:28 of 1st period - Backhand shot by Jarred Tinordi.
6:28 of 1st period - Shot Misses the Net.
6:30 of 1st period - Slapshot by Jarred Tinordi.
6:30 of 1st period - Stopped by Olivier Roy with a rebound.
6:32 of 1st period - Slapshot by Joel Edmundson.
6:32 of 1st period - Shot Blocked by Nicolas Blanchard.
6:34 of 1st period - Snap shot by Ville Leino.
6:34 of 1st period - Goal by Ville Leino - Demolitions : 2 - Sewer Rats : 1.
6:35 of 1st period - Nicolas Blanchard wins face-off versus Mark Mancari in neutral zone.
7:47 of 1st period - Off-side.
7:48 of 1st period - Mark Mancari wins face-off versus Nicolas Blanchard in neutral zone.
7:52 of 1st period - Off-side.
7:53 of 1st period - Nicolas Blanchard wins face-off versus Jonathan Marchessault in neutral zone.
8:04 of 1st period - Wrist shot by Ville Leino.
8:04 of 1st period - Goal by Ville Leino - Demolitions : 2 - Sewer Rats : 2.
8:05 of 1st period - Jonathan Marchessault wins face-off versus Nicolas Blanchard in neutral zone.
8:08 of 1st period - Snap shot by Mark Mancari.
8:08 of 1st period - Goal by Mark Mancari - Demolitions : 2 - Sewer Rats : 3.
8:09 of 1st period - Jonathan Marchessault wins face-off versus Erik Condra in neutral zone.
8:34 of 1st period - Corban Knight is hit by Zach Boychuk and loses puck.
8:55 of 1st period - Wrist shot by Martin Frk.
8:55 of 1st period - Shot Misses the Net.
9:22 of 1st period - Off-side.
9:23 of 1st period - Jonathan Marchessault wins face-off versus Nicolas Blanchard in neutral zone.
9:25 of 1st period - Minor Penalty to Joel Edmundson for Tripping.
9:26 of 1st period - Ville Leino wins face-off versus Nicolas Blanchard in Sewer Rats zone.
9:26 of 1st period - Ville Leino is hit by Erik Condra.
9:30 of 1st period - Off-side.
9:31 of 1st period - Mark Mancari wins face-off versus Nicolas Blanchard in neutral zone.
9:39 of 1st period - Icing by Nicolas Blanchard.
9:40 of 1st period - Nicolas Blanchard wins face-off versus Ville Leino in Demolitions zone.
9:45 of 1st period - Mark Mancari is hit by Bobby Butler and loses puck.
10:24 of 1st period - Wrist shot by Erik Condra.
10:24 of 1st period - Stopped by Richard Bachman without a rebound.
10:25 of 1st period - Corban Knight wins face-off versus Zach Boychuk in Sewer Rats zone.
10:26 of 1st period - Slapshot by Jack Skille.
10:26 of 1st period - Shot Blocked by Jarred Tinordi.
10:28 of 1st period - Slapshot by Jonathan Blum.
10:28 of 1st period - Demolitions goal is going for a video replay.
10:28 of 1st period - The goal is refused. The puck has been directed, batted or thrown into the net by an attacking player other than with a stick..
10:29 of 1st period - Corban Knight wins face-off versus Mark Mancari in Sewer Rats zone.
10:30 of 1st period - Wrist shot by Bobby Butler.
10:30 of 1st period - Goal by Bobby Butler - Demolitions : 3 - Sewer Rats : 3.
10:31 of 1st period - Nicolas Blanchard wins face-off versus Jonathan Marchessault in neutral zone.
10:38 of 1st period - Wrist shot by Nicolas Blanchard.
10:38 of 1st period - Shot Misses the Net.
10:44 of 1st period - Wrist shot by Erik Condra.
10:44 of 1st period - Stopped by Richard Bachman with a rebound.
11:18 of 1st period - Mikko Lehtonen is hit by Martin Frk and loses puck.
11:25 of 1st period - Ryan Russell is hit by Matt Lashoff and loses puck.
11:42 of 1st period - Wrist shot by Nick Cousins.
11:42 of 1st period - Shot Misses the Net.
11:48 of 1st period - Daniel Carr is hit by Bobby Butler and loses puck.
12:01 of 1st period - Snap shot by Mark Mancari.
12:01 of 1st period - Stopped by Olivier Roy with a rebound.
12:57 of 1st period - Daniel Carr is hit by Nicolas Blanchard and loses puck.
13:04 of 1st period - Snap shot by Erik Condra.
13:04 of 1st period - Shot Misses the Net.
13:10 of 1st period - Slapshot by Bobby Butler.
13:10 of 1st period - Deflect By Nicolas Blanchard.
13:10 of 1st period - Shot Misses the Net.
13:10 of 1st period - Puck is out of play.
13:11 of 1st period - Nicolas Blanchard wins face-off versus Ville Leino in Sewer Rats zone.
14:02 of 1st period - Slapshot by Daniel Carr.
14:02 of 1st period - Goal by Daniel Carr - Demolitions : 3 - Sewer Rats : 4.
14:03 of 1st period - Nicolas Blanchard wins face-off versus Mark Mancari in neutral zone.
14:32 of 1st period - Snap shot by Corban Knight.
14:32 of 1st period - Shot Misses the Net.
14:58 of 1st period - Wrist shot by Brandon McMillan.
14:58 of 1st period - Stopped by Richard Bachman without a rebound.
14:59 of 1st period - Jonathan Marchessault wins face-off versus Nicolas Blanchard in Sewer Rats zone.
15:15 of 1st period - Wrist shot by Bobby Butler.
15:15 of 1st period - Shot Blocked by Mark Mancari.
15:49 of 1st period - Derek Forbort is hit by Ryan Murphy and loses puck.
15:56 of 1st period - Wrist shot by William Karlsson.
15:56 of 1st period - Stopped by Olivier Roy without a rebound.
15:57 of 1st period - Bobby Butler wins face-off versus Jonathan Marchessault in Demolitions zone.
16:24 of 1st period - Joel Edmundson is hit by Jonathan Blum and loses puck.
17:32 of 1st period - Wrist shot by Ville Leino.
17:32 of 1st period - Stopped by Olivier Roy with a rebound.
17:48 of 1st period - Snap shot by Ryan Russell.
17:48 of 1st period - Stopped by Richard Bachman without a rebound.
17:49 of 1st period - Jonathan Marchessault wins face-off versus Nicolas Blanchard in Sewer Rats zone.
18:14 of 1st period - Corban Knight is hit by Zach Boychuk and loses puck.
18:53 of 1st period - Minor Penalty to Aaron Palushaj for Hooking.
18:54 of 1st period - Jonathan Marchessault wins face-off versus Ryan Bayda in Demolitions zone.
18:57 of 1st period - Snap shot by Ville Leino.
18:57 of 1st period - Shot Misses the Net.
18:59 of 1st period - Slapshot by Matt Lashoff.
18:59 of 1st period - Stopped by Olivier Roy with a rebound.
19:01 of 1st period - Snap shot by Ville Leino.
19:01 of 1st period - Shot Blocked by Bobby Butler.
19:03 of 1st period - Slapshot by Matt Lashoff.
19:03 of 1st period - Stopped by Olivier Roy without a rebound.
19:04 of 1st period - Ryan Bayda wins face-off versus Ville Leino in Demolitions zone.
19:11 of 1st period - Slapshot by Jonathan Blum.
19:11 of 1st period - Shot Misses the Net.
19:17 of 1st period - Bobby Butler is hit by Jonathan Marchessault and loses puck.
Goals for this period are 3 for Demolitions vs 4 for Sewer Rats.
Shots for this period are 10 for Demolitions vs 13 for Sewer Rats.

2nd period


0:01 of 2nd period - Jonathan Marchessault wins face-off versus Ryan Bayda in neutral zone.
0:04 of 2nd period - Mike Sauer is hit by Matt Lashoff and loses puck.
0:13 of 2nd period - Wrist shot by Ville Leino.
0:13 of 2nd period - Shot Blocked by Mike Sauer.
0:15 of 2nd period - Slapshot by Matt Lashoff.
0:15 of 2nd period - Goal by Matt Lashoff - Demolitions : 3 - Sewer Rats : 5.
0:15 of 2nd period - Joe Cannata enters game.
0:16 of 2nd period - Jonathan Marchessault wins face-off versus Nicolas Blanchard in neutral zone.
0:19 of 2nd period - Bobby Butler is hit by Jonathan Marchessault and loses puck.
0:30 of 2nd period - Wrist shot by Mark Mancari.
0:30 of 2nd period - Deflect By Ville Leino.
0:30 of 2nd period - Stopped by Joe Cannata with a rebound.
0:32 of 2nd period - Slapshot by Ville Leino.
0:32 of 2nd period - Shot Blocked by Nicolas Blanchard.
0:47 of 2nd period - Snap shot by Zach Boychuk.
0:47 of 2nd period - Goal by Zach Boychuk - Demolitions : 3 - Sewer Rats : 6.
0:48 of 2nd period - Nicolas Blanchard wins face-off versus Jonathan Marchessault in neutral zone.
1:01 of 2nd period - Slapshot by Erik Condra.
1:01 of 2nd period - Stopped by Richard Bachman without a rebound.
1:02 of 2nd period - Jonathan Marchessault wins face-off versus Nicolas Blanchard in Sewer Rats zone.
1:27 of 2nd period - Jonathan Blum is hit by Joel Edmundson and loses puck.
1:50 of 2nd period - Snap shot by William Karlsson.
1:50 of 2nd period - Stopped by Joe Cannata without a rebound.
1:51 of 2nd period - William Karlsson wins face-off versus Nicolas Blanchard in Demolitions zone.
1:52 of 2nd period - Slapshot by Jonathan Huberdeau.
1:52 of 2nd period - Shot Misses the Net.
2:13 of 2nd period - Minor Penalty to Jarred Tinordi for Diving.
2:14 of 2nd period - Ville Leino wins face-off versus Erik Condra in Sewer Rats zone.
2:25 of 2nd period - Slapshot by Erik Condra.
2:25 of 2nd period - Stopped by Richard Bachman with a rebound.
2:27 of 2nd period - Snap shot by Jonathan Blum.
2:27 of 2nd period - Shot Blocked by Mark Mancari.
2:29 of 2nd period - Slapshot by Dmitri Orlov.
2:29 of 2nd period - Shot Blocked by Matt Lashoff.
4:13 of 2nd period - Penalty to Jarred Tinordi is over, Jarred Tinordi is back on ice.
4:24 of 2nd period - Slapshot by Daniel Carr.
4:24 of 2nd period - Shot Blocked by Frazer Mclaren.
5:30 of 2nd period - Snap shot by Ville Leino.
5:30 of 2nd period - Stopped by Joe Cannata with a rebound.
5:34 of 2nd period - Snap shot by Nick Cousins.
5:34 of 2nd period - Stopped by Joe Cannata with a rebound.
5:36 of 2nd period - Wrist shot by Jarred Tinordi.
5:36 of 2nd period - Stopped by Joe Cannata without a rebound.
5:37 of 2nd period - Vincent Trocheck wins face-off versus Nicolas Blanchard in Demolitions zone.
5:50 of 2nd period - Slapshot by Jared Boll.
5:50 of 2nd period - Stopped by Joe Cannata without a rebound.
5:51 of 2nd period - Nicolas Blanchard wins face-off versus Jonathan Marchessault in Demolitions zone.
6:16 of 2nd period - Seth Helgeson is hit by Steven Kampfer and loses puck.
6:37 of 2nd period - Slapshot by Bobby Butler.
6:37 of 2nd period - Stopped by Richard Bachman with a rebound.
6:39 of 2nd period - Snap shot by Derek Forbort.
6:39 of 2nd period - Stopped by Richard Bachman without a rebound.
6:40 of 2nd period - Jonathan Marchessault wins face-off versus Corban Knight in Sewer Rats zone.
6:40 of 2nd period - Jonathan Marchessault is hit by Seth Helgeson.
6:52 of 2nd period - Slapshot by Jonathan Marchessault.
6:52 of 2nd period - Stopped by Joe Cannata with a rebound.
6:54 of 2nd period - Minor Penalty to Mike Sauer for Roughing.
6:55 of 2nd period - Jonathan Marchessault wins face-off versus Ryan Bayda in Demolitions zone.
7:23 of 2nd period - Icing by Vincent Trocheck.
7:24 of 2nd period - Ryan Bayda wins face-off versus Vincent Trocheck in Sewer Rats zone.
7:25 of 2nd period - Slapshot by Jonathan Blum.
7:25 of 2nd period - Stopped by Richard Bachman without a rebound.
7:26 of 2nd period - Ryan Bayda wins face-off versus Jonathan Marchessault in Sewer Rats zone.
7:33 of 2nd period - Backhand shot by Ville Leino.
7:33 of 2nd period - Goal by Ville Leino - Demolitions : 3 - Sewer Rats : 7.
7:34 of 2nd period - Jonathan Marchessault wins face-off versus Nicolas Blanchard in neutral zone.
8:00 of 2nd period - Corban Knight is hit by Zach Boychuk.
8:20 of 2nd period - Wrist shot by Mikko Lehtonen.
8:20 of 2nd period - Shot Misses the Net.
8:28 of 2nd period - Slapshot by Matt Lashoff.
8:28 of 2nd period - Shot Misses the Net.
8:52 of 2nd period - Snap shot by Erik Condra.
8:52 of 2nd period - Stopped by Richard Bachman with a rebound.
8:56 of 2nd period - Slapshot by Erik Condra.
8:56 of 2nd period - Stopped by Richard Bachman with a rebound.
9:06 of 2nd period - Wrist shot by Jonathan Marchessault.
9:06 of 2nd period - Stopped by Joe Cannata with a rebound.
9:12 of 2nd period - Backhand shot by Dmitri Orlov.
9:12 of 2nd period - Shot Misses the Net.
9:14 of 2nd period - Wrist shot by Frazer Mclaren.
9:14 of 2nd period - Goal by Frazer Mclaren - Demolitions : 4 - Sewer Rats : 7.
9:15 of 2nd period - Nicolas Blanchard wins face-off versus Jonathan Marchessault in neutral zone.
11:43 of 2nd period - Off-side.
11:44 of 2nd period - Jonathan Marchessault wins face-off versus Brandon McMillan in neutral zone.
12:11 of 2nd period - William Karlsson is hit by Frazer Mclaren and loses puck.
12:20 of 2nd period - Slapshot by John Ramage.
12:20 of 2nd period - Shot Blocked by Jonathan Blum.
12:50 of 2nd period - Minor Penalty to Dmitri Orlov for Hooking.
12:51 of 2nd period - Ryan Bayda wins face-off versus Jonathan Marchessault in Demolitions zone.
13:00 of 2nd period - Snap shot by Mark Mancari.
13:00 of 2nd period - Stopped by Joe Cannata without a rebound.
13:01 of 2nd period - Ryan Bayda wins face-off versus Jonathan Marchessault in Demolitions zone.
13:01 of 2nd period - Ryan Bayda is hit by Mark Mancari.
14:36 of 2nd period - Backhand shot by Ville Leino.
14:36 of 2nd period - Stopped by Joe Cannata with a rebound.
14:38 of 2nd period - Slapshot by Jonathan Marchessault.
14:38 of 2nd period - Stopped by Joe Cannata with a rebound.
14:40 of 2nd period - Snap shot by Mark Mancari.
14:40 of 2nd period - Shot Misses the Net.
14:42 of 2nd period - Slapshot by Matt Lashoff.
14:42 of 2nd period - Stopped by Joe Cannata with a rebound.
14:44 of 2nd period - Snap shot by Mark Mancari.
14:44 of 2nd period - Stopped by Joe Cannata with a rebound.
14:50 of 2nd period - Penalty to Dmitri Orlov is over, Dmitri Orlov is back on ice.
15:44 of 2nd period - Snap shot by Mikko Lehtonen.
15:44 of 2nd period - Shot Misses the Net.
15:54 of 2nd period - Icing by Dmitri Orlov.
15:55 of 2nd period - Vincent Trocheck wins face-off versus Andrej Nestrasil in Demolitions zone.
15:58 of 2nd period - Snap shot by Zach Boychuk.
15:58 of 2nd period - Shot Hit the Post.
16:08 of 2nd period - Snap shot by Ryan Russell.
16:08 of 2nd period - Shot Misses the Net.
16:10 of 2nd period - Snap shot by Ryan Russell.
16:10 of 2nd period - Stopped by Richard Bachman without a rebound.
16:11 of 2nd period - William Karlsson wins face-off versus Nicolas Blanchard in Sewer Rats zone.
16:21 of 2nd period - Snap shot by Nicolas Blanchard.
16:21 of 2nd period - Shot Blocked by Jarred Tinordi.
16:37 of 2nd period - Joel Edmundson is hit by Mike Sauer.
16:59 of 2nd period - Wrist shot by Jonathan Huberdeau.
16:59 of 2nd period - Shot Misses the Net.
17:01 of 2nd period - Snap shot by William Karlsson.
17:01 of 2nd period - Stopped by Joe Cannata with a rebound.
17:03 of 2nd period - Slapshot by Jonathan Huberdeau.
17:03 of 2nd period - Goal by Jonathan Huberdeau - Demolitions : 4 - Sewer Rats : 8.
17:04 of 2nd period - Nicolas Blanchard wins face-off versus Vincent Trocheck in neutral zone.
17:09 of 2nd period - Snap shot by Nicolas Blanchard.
17:09 of 2nd period - Deflect By Erik Condra.
17:09 of 2nd period - Stopped by Richard Bachman without a rebound.
17:10 of 2nd period - Nicolas Blanchard wins face-off versus Vincent Trocheck in Sewer Rats zone.
17:59 of 2nd period - Wrist shot by Mark Mancari.
17:59 of 2nd period - Shot Misses the Net.
18:01 of 2nd period - Slapshot by Matt Lashoff.
18:01 of 2nd period - Deflect By Mark Mancari.
18:01 of 2nd period - Deflect By Dmitri Orlov.
18:01 of 2nd period - Stopped by Joe Cannata without a rebound.
18:02 of 2nd period - Nicolas Blanchard wins face-off versus Jonathan Marchessault in Demolitions zone.
18:11 of 2nd period - Snap shot by Erik Condra.
18:11 of 2nd period - Stopped by Richard Bachman with a rebound.
19:09 of 2nd period - Erik Condra is hit by Joel Edmundson and loses puck.
19:20 of 2nd period - Daniel Carr is hit by Nicolas Blanchard.
19:43 of 2nd period - Slapshot by Jonathan Blum.
19:43 of 2nd period - Shot Blocked by Joel Edmundson.
Goals for this period are 1 for Demolitions vs 4 for Sewer Rats.
Shots for this period are 11 for Demolitions vs 19 for Sewer Rats.

3rd period


0:01 of 3rd period - Nicolas Blanchard wins face-off versus Jonathan Marchessault in neutral zone.
0:06 of 3rd period - Icing by Mark Mancari.
0:07 of 3rd period - Nicolas Blanchard wins face-off versus Jonathan Marchessault in Sewer Rats zone.
0:16 of 3rd period - Wrist shot by Bobby Butler.
0:16 of 3rd period - Shot Misses the Net.
0:46 of 3rd period - Snap shot by Mark Mancari.
0:46 of 3rd period - Stopped by Joe Cannata with a rebound.
0:54 of 3rd period - Slapshot by Dmitri Orlov.
0:54 of 3rd period - Deflect By Erik Condra.
0:54 of 3rd period - Shot Misses the Net.
0:54 of 3rd period - Puck is out of play.
0:55 of 3rd period - Vincent Trocheck wins face-off versus Corban Knight in Sewer Rats zone.
0:59 of 3rd period - Icing by Zach Boychuk.
1:00 of 3rd period - Corban Knight wins face-off versus Vincent Trocheck in Sewer Rats zone.
1:21 of 3rd period - Minor Penalty to Jared Boll for Roughing.
1:22 of 3rd period - Nicolas Blanchard wins face-off versus Ville Leino in Sewer Rats zone.
2:09 of 3rd period - Mark Mancari is hit by Jack Skille and loses puck.
2:30 of 3rd period - Joel Edmundson is hit by Nicolas Blanchard and loses puck.
2:54 of 3rd period - Icing by Nicolas Blanchard.
2:55 of 3rd period - Vincent Trocheck wins face-off versus Nicolas Blanchard in Demolitions zone.
3:21 of 3rd period - Penalty to Jared Boll is over, Jared Boll is back on ice.
3:33 of 3rd period - Snap shot by Jared Boll.
3:33 of 3rd period - Shot Blocked by Frazer Mclaren.
3:35 of 3rd period - Snap shot by William Karlsson.
3:35 of 3rd period - Goal by William Karlsson - Demolitions : 4 - Sewer Rats : 9.
3:36 of 3rd period - Nicolas Blanchard wins face-off versus Jonathan Marchessault in neutral zone.
3:38 of 3rd period - Off-side.
3:39 of 3rd period - Ville Leino wins face-off versus Nicolas Blanchard in neutral zone.
4:29 of 3rd period - Jared Boll is hit by Ryan Bayda and loses puck.
4:52 of 3rd period - Snap shot by Ville Leino.
4:52 of 3rd period - Shot Misses the Net.
4:54 of 3rd period - Snap shot by Ville Leino.
4:54 of 3rd period - Stopped by Joe Cannata with a rebound.
4:56 of 3rd period - Slapshot by Ville Leino.
4:56 of 3rd period - Shot Blocked by Seth Helgeson.
4:58 of 3rd period - Slapshot by Steven Kampfer.
4:58 of 3rd period - Shot Misses the Net.
5:00 of 3rd period - Snap shot by Jonathan Marchessault.
5:00 of 3rd period - Deflect By Ville Leino.
5:00 of 3rd period - Stopped by Joe Cannata with a rebound.
5:02 of 3rd period - Snap shot by Jonathan Marchessault.
5:02 of 3rd period - Shot Misses the Net.
5:22 of 3rd period - Snap shot by Mikko Lehtonen.
5:22 of 3rd period - Goal by Mikko Lehtonen - Demolitions : 5 - Sewer Rats : 9.
5:23 of 3rd period - Jonathan Marchessault wins face-off versus Nicolas Blanchard in neutral zone.
5:59 of 3rd period - Backhand shot by Ryan Bayda.
5:59 of 3rd period - Stopped by Richard Bachman without a rebound.
6:00 of 3rd period - Nicolas Blanchard wins face-off versus Jonathan Huberdeau in Sewer Rats zone.
6:13 of 3rd period - Snap shot by Erik Condra.
6:13 of 3rd period - Stopped by Richard Bachman with a rebound.
6:32 of 3rd period - Snap shot by Jack Skille.
6:32 of 3rd period - Stopped by Richard Bachman with a rebound.
7:11 of 3rd period - Slapshot by Seth Helgeson.
7:11 of 3rd period - Deflect By Nicolas Blanchard.
7:11 of 3rd period - Goal by Nicolas Blanchard - Demolitions : 6 - Sewer Rats : 9.
7:12 of 3rd period - Jonathan Marchessault wins face-off versus Nicolas Blanchard in neutral zone.
7:18 of 3rd period - Wrist shot by Ville Leino.
7:18 of 3rd period - Stopped by Joe Cannata without a rebound.
7:19 of 3rd period - Jonathan Marchessault wins face-off versus Nicolas Blanchard in Demolitions zone.
7:34 of 3rd period - Dmitri Orlov is hit by Jonathan Marchessault and loses puck.
7:49 of 3rd period - Slapshot by Dmitri Orlov.
7:49 of 3rd period - Shot Misses the Net.
7:51 of 3rd period - Snap shot by Corban Knight.
7:51 of 3rd period - Stopped by Richard Bachman with a rebound.
8:46 of 3rd period - Snap shot by Ville Leino.
8:46 of 3rd period - Stopped by Joe Cannata with a rebound.
8:48 of 3rd period - Wrist shot by Jonathan Marchessault.
8:48 of 3rd period - Stopped by Joe Cannata with a rebound.
8:50 of 3rd period - Snap shot by Ville Leino.
8:50 of 3rd period - Shot Misses the Net.
8:52 of 3rd period - Slapshot by Joel Edmundson.
8:52 of 3rd period - Shot Blocked by Derek Forbort.
8:54 of 3rd period - Snap shot by Ville Leino.
8:54 of 3rd period - Stopped by Joe Cannata with a rebound.
8:56 of 3rd period - Slapshot by Jarred Tinordi.
8:56 of 3rd period - Stopped by Joe Cannata without a rebound.
8:57 of 3rd period - Erik Condra wins face-off versus Vincent Trocheck in Demolitions zone.
9:06 of 3rd period - Snap shot by Bobby Butler.
9:06 of 3rd period - Shot Misses the Net.
9:27 of 3rd period - Off-side.
9:28 of 3rd period - Jonathan Marchessault wins face-off versus Nicolas Blanchard in neutral zone.
9:31 of 3rd period - Slapshot by Ville Leino.
9:31 of 3rd period - Deflect By Jonathan Marchessault.
9:31 of 3rd period - Shot Misses the Net.
9:31 of 3rd period - Puck is out of play.
9:32 of 3rd period - Jonathan Marchessault wins face-off versus Nicolas Blanchard in Demolitions zone.
9:57 of 3rd period - Snap shot by Bobby Butler.
9:57 of 3rd period - Stopped by Richard Bachman with a rebound.
9:59 of 3rd period - Wrist shot by Corban Knight.
9:59 of 3rd period - Shot Blocked by Matt Lashoff.
10:07 of 3rd period - Snap shot by Ryan Bayda.
10:07 of 3rd period - Stopped by Richard Bachman without a rebound.
10:08 of 3rd period - Nicolas Blanchard wins face-off versus Jonathan Marchessault in Sewer Rats zone.
10:15 of 3rd period - Wrist shot by Erik Condra.
10:15 of 3rd period - Stopped by Richard Bachman without a rebound.
10:16 of 3rd period - Nicolas Blanchard wins face-off versus Jonathan Marchessault in Sewer Rats zone.
10:19 of 3rd period - Snap shot by Erik Condra.
10:19 of 3rd period - Stopped by Richard Bachman with a rebound.
10:21 of 3rd period - Minor Penalty to Jonathan Marchessault for Hooking.
10:22 of 3rd period - Nicolas Blanchard wins face-off versus Ville Leino in Sewer Rats zone.
11:13 of 3rd period - Joel Edmundson is hit by Erik Condra and loses puck.
11:40 of 3rd period - Bobby Butler is hit by Jonathan Huberdeau and loses puck.
12:21 of 3rd period - Penalty to Jonathan Marchessault is over, Jonathan Marchessault is back on ice.
12:33 of 3rd period - Wrist shot by Nick Cousins.
12:33 of 3rd period - Stopped by Joe Cannata without a rebound.
12:34 of 3rd period - Vincent Trocheck wins face-off versus Brandon McMillan in Demolitions zone.
13:09 of 3rd period - Andrej Nestrasil is hit by William Karlsson and loses puck.
13:20 of 3rd period - Slapshot by Ryan Bayda.
13:20 of 3rd period - Goal by Ryan Bayda - Demolitions : 7 - Sewer Rats : 9.
13:21 of 3rd period - Jonathan Marchessault wins face-off versus Nicolas Blanchard in neutral zone.
13:46 of 3rd period - Matt Lashoff is hit by Jack Skille and loses puck.
14:25 of 3rd period - Wrist shot by Seth Helgeson.
14:25 of 3rd period - Shot Misses the Net.
14:33 of 3rd period - Snap shot by Nick Cousins.
14:33 of 3rd period - Stopped by Joe Cannata without a rebound.
14:34 of 3rd period - Jonathan Marchessault wins face-off versus Nicolas Blanchard in Demolitions zone.
14:45 of 3rd period - Mark Mancari is hit by Bobby Butler and loses puck.
15:00 of 3rd period - Jonathan Blum is hit by Jared Boll.
15:01 of 3rd period - Icing by Jonathan Blum.
15:02 of 3rd period - Corban Knight wins face-off versus Vincent Trocheck in Demolitions zone.
15:10 of 3rd period - Minor Penalty to Jared Boll for Close Hand On Puck.
15:11 of 3rd period - Ville Leino wins face-off versus Nicolas Blanchard in Sewer Rats zone.
15:43 of 3rd period - Mark Mancari is hit by Corban Knight and loses puck.
17:10 of 3rd period - Penalty to Jared Boll is over, Jared Boll is back on ice.
17:17 of 3rd period - Wrist shot by Billy Sweat.
17:17 of 3rd period - Stopped by Richard Bachman without a rebound.
17:18 of 3rd period - Nick Cousins wins face-off versus Billy Sweat in Sewer Rats zone.
17:42 of 3rd period - Snap shot by Ryan Bayda.
17:42 of 3rd period - Stopped by Richard Bachman with a rebound.
18:02 of 3rd period - Brandon McMillan is hit by Martin Frk and loses puck.
Goals for this period are 3 for Demolitions vs 1 for Sewer Rats.
Shots for this period are 13 for Demolitions vs 11 for Sewer Rats.